 Dungeon Crawl Stone Soup version 0.24-a0-512-g2b48af375b (webtiles) character file.

Game seed: 11119577236664550277

242 Gynju the Distorting Demonspawn (level 5, -6/41 HPs)
             Began as a Demonspawn Abyssal Knight on July 20, 2019.
             Was a Believer of Lugonu.
             Mangled by Menkaure (10 damage)
             ... on level 4 of the Dungeon.
             The game lasted 00:05:22 (3587 turns).

Gynju the Distorting Demonspawn (DsAK)              Turns: 3587, Time: 00:05:23

Health: -6/41      AC:  6    Str: 14    XL:     5   Next: 81%
Magic:  9/9        EV: 10    Int: 13    God:    Lugonu [**....]
Gold:   120        SH:  0    Dex: 12    Spells: 4/4 levels left

rFire    . . .     SeeInvis .   i - +3 mace
rCold    . . .     Gourm    .   (no shield)
rNeg     . . .     Faith    .   p - +0 scale mail
rPois    .         Spirit   .   (no helmet)
rElec    .         Reflect  .   (no cloak)
rCorr    .         Harm     .   (no gloves)
MR       .....                  (no boots)
Stlth    ..........             (no amulet)
HPRegen  0.13/turn              (no ring)
MPRegen  0.11/turn              (no ring)

@: no status effects
A: talons 1, spiny 1, sturdy frame 1
a: Depart the Abyss, Bend Space, Renounce Religion


You were on level 4 of the Dungeon.
You worshipped Lugonu.
Lugonu was pleased with you.
You were hungry.

You visited 1 branch of the dungeon, and saw 4 of its levels.
You visited the Abyss 1 time.

You collected 120 gold pieces.

Inventory:

Hand Weapons
 i - a +3 mace (weapon)
Missiles
 d - 90 stones (quivered)
Armour
 b - a +0 large shield
 p - a +0 scale mail (worn)
Jewellery
 s - an uncursed ring of resist corrosion {unknown}
Scrolls
 a - 2 scrolls of identify {unknown}
 f - 3 scrolls of fear {unknown}
 g - a scroll of enchant weapon {unknown}
 h - a scroll of fog {unknown}
 j - 2 scrolls of amnesia {unknown}
 k - 2 scrolls of teleportation {unknown}
 n - a scroll of enchant armour {unknown}
Potions
 e - a potion of haste {unknown}
 l - a potion of resistance {unknown}
 m - a potion of ambrosia {unknown}
 o - a potion of degeneration {unknown}
 r - 2 potions of lignification {unknown}
 t - a potion of cancellation {unknown}
Comestibles
 c - 5 rations
 q - 13 chunks of flesh


   Skills:
 - Level 3.0 Fighting
 + Level 4.1 Maces & Flails
 - Level 1.7 Armour
 - Level 0.8 Dodging
 + Level 5.9 Invocations


You had 4 spell levels left.
You didn't know any spells.
Your spell library was empty.

Dungeon Overview and Level Annotations

Branches:
Dungeon (4/15)
 Temple: D:4-7

Altars:

Annotations:
D:4 Menkaure


Innate Abilities, Weirdness & Mutations

You have sharp toenails.
You are partially covered in sharp spines.
Your movements are slightly less encumbered by armour. (ER -2)


Message History

You are too injured to fight recklessly!
You are feeling hungry.
You hit Menkaure but do no damage. Your kick misses Menkaure.
Menkaure is lightly damaged.
Menkaure is struck by your spines. Menkaure hits you!
* * * LOW HITPOINT WARNING * * *
Menkaure hits you.
* * * LOW HITPOINT WARNING * * *
You hit Menkaure.
Menkaure is moderately damaged.
A jackal comes into view.
Menkaure points at you and mumbles some strange words.
You barely resist.
A jackal comes into view.
The jackal barks! x2
You hit Menkaure.
Menkaure is heavily damaged.
Menkaure blazes with dark energy!
Menkaure hits you!
You die...

### . .. ..
#######.##.#
.#....<#....#
........@....#
........M....#
...............>
..h.............
................
.h...........#..
.............. .
...(..........


You could see Menkaure and 2 jackals.

Vanquished Creatures
  An orc priest (D:3)
  A worker ant (D:3)
  A hound zombie (D:2)
  4 gnolls (D:3)
  5 adders
  An ooze (D:2)
  3 worms
  A dart slug (D:2)
  2 leopard geckos
  6 orcs (D:3)
  10 bats
  3 giant cockroaches (D:2)
  6 goblins
  10 hobgoblins
  3 jackals (D:1)
  5 frilled lizards
  3 kobolds
  11 rats
76 creatures vanquished.

Notes
Turn   | Place    | Note
-------+----------+-------------------------------------------
     0 | Abyss:1  | Gynju the Demonspawn Abyssal Knight began the quest for the
                  | Orb.
     0 | Abyss:1  | Reached XP level 1. HP: 18/18 MP: 2/2
     0 | D:1      | Escaped the Abyss
   154 | D:1      | Reached * piety under Lugonu
   154 | D:1      | Reached skill level 3 in Invocations
   166 | D:1      | Gained mutation: Your movements are slightly less
                  | encumbered by armour. (ER -2) [demonic ancestry]
   166 | D:1      | Reached XP level 2. HP: 17/24 MP: 4/4
  1260 | D:2      | Gained mutation: You are partially covered in sharp spines.
                  | [demonic ancestry]
  1260 | D:2      | Reached XP level 3. HP: 25/29 MP: 5/5
  1699 | D:2      | Reached skill level 4 in Invocations
  2100 | D:2      | Gained mutation: You have sharp toenails. [demonic
                  | ancestry]
  2100 | D:2      | Reached XP level 4. HP: 31/35 MP: 7/7
  3007 | D:3      | Reached ** piety under Lugonu
  3209 | D:3      | Reached skill level 5 in Invocations
  3224 | D:3      | Reached XP level 5. HP: 38/41 MP: 6/8
  3486 | D:4      | Noticed Menkaure
  3587 | D:4      | Mangled by Menkaure

Levels and vault maps discovered:
D:1:      dpeg_arrival_chase, layout_rooms, minmay_tiny_reverse_x
D:2:      layout_basic, fountainhead
D:3:      layout_loops_corners, first_ration
D:4:      layout_rooms, uniq_menkaure

Skill      XL: |  1  2  3  4  5 |
---------------+----------------+-----
Maces & Flails | 2 3 4 |  4.1
Invocations    | 3 4 5 |  5.9
Fighting       | |  3.0
Armour         | |  1.7
Dodging        | |  0.8

Action                   |  1- 3 |  4- 6 || total
-------------------------+-------+-------++-------
Melee: Mace              |    83 |    75 ||   158
       Dagger            |    15 |       ||    15
       Kick              |       |    15 ||    15
Throw: Stone             |     4 |       ||     4
Invok: Depart the Abyss  |     1 |       ||     1
       Bend Space        |       |     1 ||     1
  Eat: Chunk             |     3 |     5 ||     8
Armor: Leather armour    |    46 |       ||    46
       Scale mail        |    14 |    23 ||    37
Dodge: Dodged            |    90 |    33 ||   123

Table legend:
 A = Non-vault XP
 B = Vault XP
 C = Vault XP percentage of total XP
 D = Non-vault monster count
 E = Vault monster count
 F = Vault count percentage of total count
                 A         B        C        D         E       F
            +---------+---------+-------+---------+---------+-------
      Total |     340 |       6 |   1.7 |      73 |       3 |   3.9
            +---------+---------+-------+---------+---------+-------
        D:1 |      22 |       6 |  21.4 |      15 |       3 |  16.7
        D:2 |      89 |       0 |   0.0 |      23 |       0 |   0.0
        D:3 |     229 |       0 |   0.0 |      35 |       0 |   0.0
            +---------+---------+-------+---------+---------+-------
